 Dungeon Crawl Stone Soup version 0.29.0-10-g45618ea6d2 (webtiles) character file.

Game seed: 8035318176026712929

863 sanka the Grappler (level 7, -4/66 HPs)
             Began as a Troll Cinder Acolyte on Sept 1, 2022.
             Was a High Priest of Ignis.
             Succumbed to a water moccasin's poison
             ... on level 5 of the Dungeon.
             The game lasted 00:04:23 (3134 turns).

sanka the Grappler (Troll Cinder Acolyte)           Turns: 3134, Time: 00:04:25

Health: -4/66      AC: 11    Str: 23    XL:     7   Next: 72%
Magic:  2/7        EV:  9    Int: 10    God:    Ignis [*****.]
Gold:   181        SH:  0    Dex:  7    Spells: 8/8 levels left

rFire   + . .      SeeInvis .     - Unarmed
rCold   . . .      Faith    .   (no shield)
rNeg    . . .      Spirit   +   a - +0 robe
rPois   .          Reflect  .   (helmet restricted)
rElec   .          Harm     .   (no cloak)
rCorr   .          Rampage  .   (gloves unavailable)
Will    .....                   (boots unavailable)
Stlth   +.........              u - amulet of guardian spirit
HPRegen 1.01/turn               (no ring)
MPRegen 0.10/turn               (no ring)

@: lethally poisoned (-4 -> -22), fiery-armoured
A: large, unfitting armour, claws 3, regeneration 1, shaggy fur 1, tough skin 1
a: Renounce Religion, Fiery Armour, Foxfire Swarm, Rising Flame


You were on level 5 of the Dungeon.
You worshipped Ignis.
Ignis was extremely pleased with you.
You visited 1 branch of the dungeon, and saw 6 of its levels.

You collected 181 gold pieces.


Innate Abilities, Weirdness & Mutations

You are too large for most types of armour.
You have claws for hands.
Your natural rate of healing is unusually fast.
You are covered in fur. (AC +1)
You have tough skin. (AC +1)


   Skills:
 - Level 2.4 Fighting
 + Level 9.3 Unarmed Combat
 - Level 1.0 Spellcasting
 - Level 2.1 Fire Magic


You had 8 spell levels left.
You didn't know any spells.
Your spell library contained the following spells:

 Spells                   Type           Power      Damage    Failure   Level
 Scorch                   Fire           8%         2d5       22%         2

Inventory:

Missiles
 g - 2 curare-tipped darts {=f}
Armour
 a - a +0 robe (worn)
 o - a scarf of shadows
Jewellery
 n - a ring of wizardry
 u - an amulet of guardian spirit (around neck)
Wands
 p - a wand of charming (18)
 v - a wand of polymorph (9)
Scrolls
 b - 2 scrolls of fog {unknown}
 c - a scroll of vulnerability {unknown}
 d - 3 scrolls of enchant armour {unknown}
 f - 2 scrolls of enchant weapon {unknown}
 h - 6 scrolls of identify {unknown}
 i - 2 scrolls of magic mapping {unknown}
 k - a scroll of immolation {unknown}
 l - 5 scrolls of teleportation {unknown}
 m - a scroll of fear {unknown}
 r - a scroll of noise {unknown}
 s - 3 scrolls of poison {unknown}
 t - a scroll of summoning {unknown}
 y - a scroll of blinking {unknown}
Potions
 e - 2 potions of brilliance {unknown}
 j - a potion of haste {unknown}
 q - 2 potions of curing {unknown}
 w - a potion of attraction {unknown}
 x - a potion of mutation {unknown}

Dungeon Overview and Level Annotations

Branches:
Dungeon (6/15)
 Temple: D:4-7

Altars:
Elyvilon
Fedhas
Nemelex Xobeh
Sif Muna

Shops:
D:1 *   D:3 :: D:4

([*[ .....
..▒...▒ o
▒.▒.▒▒▒▒▒▒▒ ..
▒▒.........▒▒
..▒...▒▒.▒▒...▒
▒..▒..▒.▒..▒ .▒
▒.▒.o▒▒.....▒▒..▒
▒........_......▒
▒▒...▒▒.†...▒▒...
▒.. ▒..▒T▒..▒ ..
....▒▒S▒▒....
▒.... ... ....
▒▒...........▒▒
▒▒▒▒▒▒▒▒▒▒▒▒▒


You could see an adder and an orc.


Message History

The orc wizard flickers and vanishes!
Deactivating autopickup; reactivate with Ctrl-A.
The adder bites you.
* * * LOW HITPOINT WARNING * * *
You are lethally poisoned!
The adder poisons you!
The adder is burned by your cloak of flames.
The adder is moderately wounded.
The adder bites you but does no damage.
The adder is burned by your cloak of flames.
You kill the adder!
The water moccasin bites you.
* * * LOW HITPOINT WARNING * * *
You are more poisoned.
The water moccasin poisons you!
The water moccasin is burned by your cloak of flames.
The water moccasin is moderately wounded.
Your Unarmed Combat skill increases to level 9!
The orc shouts!
You mangle the water moccasin!!
You kill the water moccasin!
* * * LOW HITPOINT WARNING * * *
You feel very sick.
You hear a shout!
The adder barely misses you.
Unknown command.
Unknown command.
You closely miss the adder.
The adder is moderately wounded.
You die...

Action                   |  1- 3 |  4- 6 |  7- 9 || total
-------------------------+-------+-------+-------++-------
Melee: Unarmed           |    86 |    44 |    77 ||   207
       Punch             |     1 |     3 |     3 ||     7
Invok: Fiery Armour      |       |       |     1 ||     1
Armor: Robe              |    52 |     7 |    11 ||    70
Dodge: Dodged            |    47 |    10 |    32 ||    89

Levels and vault maps discovered:
D:1:      scummos_arrival_hexagon, layout_basic, serial_shops, shop,
          hellmonk_ecumenical_altar_crossroads
D:2:      layout_rooms
D:3:      layout_rooms, nemelex_xobeh_ov_fountains_minmay, serial_shops,
          nicolae_shop_behind_doors, shop, uniq_sigmund
D:4:      layout_cave_pools, elyvilon_altar_1,
          mainiacjoe_overflow_six_doors_small, serial_shops, shop, shop, shop,
          shop, bh_walls_and_bars
D:5:      layout_basic, mainiacjoe_overflow_small_starburst
D:6:      layout_loops_ring, marbit_many_paths, minmay_temple_entry_tees

Notes
Turn   | Place    | Note
-------+----------+-------------------------------------------
     0 | D:1      | sanka the Troll Cinder Acolyte began the quest for the Orb.
     0 | D:1      | Reached XP level 1. HP: 22/22 MP: 1/1
   157 | D:1      | Found a faded altar of an unknown god.
   312 | D:1      | Reached XP level 2. HP: 29/29 MP: 2/2
   520 | D:1      | Found Irumn's General Store.
   845 | D:2      | Reached skill level 4 in Unarmed Combat
   956 | D:2      | Reached XP level 3. HP: 28/36 MP: 3/3
  1208 | D:3      | Noticed Sigmund
  1233 | D:3      | Killed Sigmund
  1234 | D:3      | Reached skill level 6 in Unarmed Combat
  1234 | D:3      | Reached XP level 4. HP: 28/44 MP: 4/4
  1234 | D:3      | Reached XP level 5. HP: 32/50 MP: 5/5
  1291 | D:3      | Found a sparkling altar of Nemelex Xobeh.
  1299 | D:3      | Found Mewasu Jaeda's Book Shoppe.
  1302 | D:3      | Found Cidghon's Book Shop.
  1441 | D:6      | Reached skill level 7 in Unarmed Combat
  1441 | D:6      | Reached XP level 6. HP: 46/59 MP: 6/6
  1546 | D:5      | Entered Level 5 of the Dungeon
  1673 | D:5      | Reached skill level 8 in Unarmed Combat
  1720 | D:4      | Found Vomygyam's Assorted Antiques.
  1745 | D:4      | Found Ofad's Antique Armour Shoppe.
  1804 | D:4      | Found a white marble altar of Elyvilon.
  1836 | D:4      | Reached XP level 7. HP: 66/66 MP: 7/7
  1967 | D:4      | Found Myr Fem's Antique Armour Emporium.
  2089 | D:4      | Found Edefuk's Antique Weapon Shoppe.
  2151 | D:4      | Found a blossoming altar of Fedhas.
  3117 | D:5      | Found a shimmering blue altar of Sif Muna.
  3133 | D:5      | Reached skill level 9 in Unarmed Combat
  3133 | D:5      | HP: 1/66 [poisoned by a water moccasin]
  3134 | D:5      | Succumbed to a water moccasin's poison

Vanquished Creatures
  Sigmund (D:3)
  A water moccasin (D:5)
  2 phantoms (D:5)
  2 scorpions (D:6)
  A jelly (D:6)
  3 hounds (D:5)
  2 iguanas
  6 adders
  4 gnolls (D:4)
  A white imp (D:5)
  4 dart slugs
  6 orcs
  4 endoplasms
  A giant cockroach (D:4)
  4 goblins
  5 hobgoblins
  4 kobolds
  2 quokkas
  6 ball pythons
  4 bats
  3 frilled lizards
  5 rats
71 creatures vanquished.
